Map: Ulrena

Players

Miszu - Winner!

  • Race: Terran Terran
  • League: Master

Chrankon

  • Race: Terran Terran
  • League: Master

VOD

Have the link to the VOD?

Description

Time

  • Played on: April 11, 2016, 3:32 p.m.
  • Length: 9:07
Show
View Real Time Build Order
Export as new Build Order

Miszu Terran - Winner!

Build Orders: 1/1/1, MMM Bio 

Get SALT Encoding   

  12  0:00  SCV  
  13  0:12  SCV  
  14  0:18  Supply Depot  
  14  0:24  SCV  
  15  0:35  Refinery  
  15  0:39  SCV  
  16  0:45  Barracks  
  16  0:51  SCV  
  17  1:02  Refinery  
  17  1:03  SCV  
  18  1:12  Supply Depot  
  18  1:16  SCV  
  19  1:28  SCV  
  20  1:35  Factory  
  20  1:39  Marine  
  21  1:44  SCV  
  22  1:56  SCV  
  22  1:59  Marine  
  24  2:06  Supply Depot  
  24  2:09  SCV  
  25  2:16  Marine  
  27  2:28  Starport  
  27  2:34  Marine  
  27  2:37  Orbital Command  
  27  2:42  Hellion  
  29  2:50  Supply Depot  
  29  2:53  Marine  
  30  3:03  SCV  
  31  3:07  Hellion  
  31  3:10  Medivac  
  35  3:18  Engineering Bay  
  35  3:20  SCV  
  35  3:22  Marine  
  37  3:29  Hellion  
  37  3:32  SCV  
  40  3:40  Marine  
  41  3:44  SCV  
  37  3:58  Viking  
  37  3:59  Factory Tech Lab  
  37  4:01  SCV  
  40  4:13  SCV  
  38  4:19  Siege Tank  
  41  4:25  SCV  
  41  4:27  Command Center  
  42  4:34  Viking  
  42  4:35  Marine  
  42  4:37  SCV  
  46  4:49  SCV  
  46  5:01  SCV  
  46  5:11  Siege Tank  
  46  5:13  SCV  
  50  5:18  Starport Reactor  
  50  5:24  Barracks Reactor, Barracks  
  50  5:26  SCV  
  51  5:38  SCV  
  51  5:39  Orbital Command  
  52  5:43  Siege Tank  
  55  5:50  SCV  
  55  5:55  Barracks  
  56  5:57  Orbital Command  
  56  6:01  Marine x2  
  56  6:02  SCV  
  59  6:10  Terran Infantry Weapons Level 1  
  59  6:14  SCV  
  59  6:17  Barracks Tech Lab  
  59  6:18  Medivac  
  62  6:19  Marine x2, Medivac  
  62  6:23  SCV  
  67  6:26  SCV  
  68  6:35  SCV  
  68  6:36  Stimpack  
  68  6:37  Marine  
  70  6:43  Barracks Tech Lab  
  70  6:44  Supply Depot  
  70  6:55  Supply Depot  
  70  6:56  Refinery  
  70  6:57  Refinery  
  70  7:01  Combat Shields  
  70  7:05  Marine x3  
  70  7:06  Supply Depot, Siege Tank, SCV  
  77  7:08  Marine  
  78  7:23  Marine x2  
  74  7:33  Marine x2  
  74  7:34  Medivac x2  
  78  7:38  Siege Tank  
  78  7:41  Marine  
  82  7:45  Marine  
  82  7:53  Marine  
  82  7:54  Marine  
  84  7:59  Marine  
  84  8:03  Marine, Barracks x2  
  84  8:04  Medivac  
  88  8:11  Marine  
  88  8:12  Marine  
  88  8:17  Marine  
  80  8:22  Marine  
  80  8:26  Medivac, Siege Tank  
  76  8:29  Marine  
  76  8:30  Marine  
  76  8:31  SCV x2  
  78  8:34  Marine  
  78  8:40  Marine  
  80  8:47  Marine  
  80  8:48  Supply Depot, Marine  
Show
View Real Time Build Order
Export as new Build Order

Chrankon Terran 

Build Orders: 1/1/1, Liberator Opening 

Get SALT Encoding   

  12  0:01  SCV  
  13  0:13  SCV  
  14  0:18  Supply Depot  
  14  0:25  SCV  
  15  0:31  Refinery  
  15  0:39  SCV  
  16  0:45  Barracks  
  16  0:52  SCV  
  16  0:55  Refinery  
  17  1:04  SCV  
  18  1:16  SCV  
  19  1:31  Orbital Command  
  19  1:33  Factory  
  19  1:38  Reaper  
  20  1:54  Supply Depot  
  20  1:57  SCV  
  21  2:09  SCV  
  21  2:10  Reaper  
  23  2:19  Hellion  
  23  2:22  Starport  
  25  2:29  Supply Depot  
  25  2:33  SCV  
  26  2:43  Hellion  
  29  2:53  Reaper  
  29  2:59  Medivac  
  29  3:01  Engineering Bay, SCV  
  32  3:06  Hellion  
  34  3:19  SCV  
  35  3:26  Reaper  
  36  3:27  Hellion  
  36  3:28  Supply Depot  
  36  3:32  Liberator  
  36  4:00  Factory Tech Lab  
  37  4:05  Barracks Reactor  
  36  4:10  Command Center  
  36  4:25  Siege Tank  
  36  4:29  SCV  
  39  4:53  Viking, Marine x2  
  43  5:05  Siege Tank  
  43  5:09  Supply Depot  
  43  5:18  Marine  
  43  5:19  Marine  
  45  5:29  Viking  
  45  5:33  Barracks, SCV  
  45  5:35  Barracks  
  48  5:53  Orbital Command  
  50  6:00  SCV  
  50  6:06  Siege Tank  
  51  6:12  SCV  
  52  6:18  Viking, Barracks Tech Lab  
  52  6:19  Viking  
  52  6:20  SCV  
  52  6:24  Barracks Reactor, SCV  
  58  6:25  Barracks Reactor  
  58  6:32  Refinery, SCV  
  59  6:36  SCV  
  60  6:50  Viking  
  60  6:53  SCV x2  
  66  6:57  Marine, Stimpack  
  65  7:03  Marine  
  65  7:04  Marine x3  
  65  7:05  SCV  
  65  7:06  SCV  
  65  7:07  Barracks  
  67  7:10  Barracks  
  67  7:15  Marine  
  66  7:21  Marine x3  
  60  7:33  Marine  
  61  7:41  Viking  
  61  7:42  Viking  
  62  7:46  SCV  
  62  7:47  SCV  
  62  7:51  Marine  
  65  7:53  Marine  
  65  7:54  Marine x3  
  69  7:58  SCV  
  69  8:04  SCV  
  70  8:08  Marine  
  60  8:17  Marine  
  60  8:19  Marine x2  
  55  8:36  Marine x3  
  55  8:37  Viking x2, Marine, SCV  
  64  8:49  SCV  
Tags
 
Add a new tag
Caveats
  • Supply blocks, unpowered buildings, or Contaminate may cause inaccurate times.
  • Supply counts are checked every 10 seconds.